 Dungeon Crawl Stone Soup version 0.29.1-15-g9cfb28693d (webtiles) character file.

Game seed: 2815031929839649134

16885 leetdood the Cleaver (level 12, -11/108 HPs)
             Began as a Minotaur Fighter on Mar 14, 2023.
             Was a High Priest of Okawaru.
             Killed from afar by a will-o-the-wisp (22 damage)
             ... with a foxfire
             ... on level 2 of the Lair of Beasts.
             The game lasted 00:40:57 (15638 turns).

leetdood the Cleaver (Minotaur Fighter)            Turns: 15638, Time: 00:40:58

Health: -11/108    AC: 25    Str: 30    XL:     12   Next: 14%
Magic:  13/15      EV: 10    Int:  8    God:    Okawaru [*****.]
Gold:   273        SH:  8    Dex: 12    Spells: 11/11 levels left

rFire   . . .      SeeInvis +   D - +4 war axe (elec)
rCold   . . .      Faith    .   c - +0 buckler
rNeg    . . .      Spirit   .   F - +0 plate armour
rPois   .          Reflect  .   a - +0 hat {Int+3}
rElec   .          Harm     .   q - +0 cloak
rCorr   .          Rampage  .   E - +1 pair of gloves
Will    .....                   b - +2 pair of boots
Stlth   ..........              (no amulet)
HPRegen 0.28/turn               C - ring of see invisible
MPRegen 0.14/turn               I - +6 ring of strength

@: about to teleport, heroic
A: horns 2, retaliatory headbutt
a: Renounce Religion, Heroism, Finesse, Duel


You were on level 2 of the Lair of Beasts.
You worshipped Okawaru.
Okawaru was extremely pleased with you.
You visited 3 branches of the dungeon, and saw 12 of its levels.

You collected 985 gold pieces.
You spent 712 gold pieces at shops.

Inventory:

Hand Weapons
 D - a +4 war axe of electrocution (weapon)
Missiles
 l - 3 silver javelins (quivered)
 H - a javelin
 K - 3 atropa-tipped darts
Armour
 a - a +0 hat of intelligence (worn)
 b - a +2 pair of boots (worn)
 c - a +0 buckler (worn)
 q - a +0 cloak (worn)
 E - a +1 pair of gloves (worn)
 F - a +0 plate armour (worn)
 L - a +0 tower shield
Jewellery
 A - an amulet of magic regeneration
 C - a ring of see invisible (left hand)
 I - a +6 ring of strength (right hand)
Wands
 x - a wand of acid (3)
 y - a wand of flame (36)
Scrolls
 e - 5 scrolls of teleportation
 f - 4 scrolls of fear
 j - 5 scrolls of poison
 m - a scroll of silence
 o - 2 scrolls of enchant armour
 p - a scroll of magic mapping
 r - a scroll of brand weapon
 t - a scroll of fog {unknown}
 u - a scroll of torment {unknown}
 v - a scroll of blinking {unknown}
 B - 2 scrolls of immolation {unknown}
 G - a scroll of amnesia {unknown}
Potions
 d - 3 potions of might
 g - 4 potions of magic
 h - 2 potions of resistance
 i - 3 potions of ambrosia
 k - 2 potions of curing
 n - 2 potions of berserk rage
 s - 3 potions of lignification
 w - 2 potions of cancellation
 z - a potion of haste
 J - a potion of flight
 M - a potion of brilliance


   Skills:
 + Level 10.9(15.9) Fighting
 * Level 14.4(19.4) Axes
 + Level 10.9(15.9) Armour
 + Level 10.9(15.9) Shields
 + Level 6.0 Invocations


You had 11 spell levels left.
You didn't know any spells.
Your spell library contained the following spells:

 Spells                   Type           Power      Damage    Failure   Level
 Foxfire                  Conj/Fire      0%         2x1d4     94%         1
 Conjure Flame            Conj/Fire      0%         6-21      100%        3
 Dazzling Flash           Conj/Hex       0%         N/A       100%        3
 Inner Flame              Hex/Fire       0%         N/A       100%        3
 Stone Arrow              Conj/Erth      0%         3d7       100%        3
 Airstrike                Air            0%         2d(0-16)  100%        4
 Flame Wave               Conj/Fire      0%         2d4       100%        4
 Iskenderun's Mystic Bla  Conj/Tloc      0%         2d3       100%        4
 Lightning Bolt           Conj/Air       0%         1d11      100%        5
 Starburst                Conj/Fire      0%         6d3       100%        6
 Orb of Destruction       Conj           0%         9d5       100%        7
 Lehudib's Crystal Spear  Conj/Erth      0%         10d2      100%        8
 Summon Guardian Golem    Hex/Summ       Unusable   N/A       N/A         3
 Animate Armour           Summ/Erth      Unusable   N/A       N/A         4
 Summon Lightning Spire   Summ/Air       Unusable   N/A       N/A         4
 Spellforged Servitor     Conj/Summ      Unusable   N/A       N/A         7

Dungeon Overview and Level Annotations

Branches:
Dungeon (9/15)             Temple (1/1) D:4            Lair (2/5) D:9
  Swamp: Lair:2-3    Shoals: Lair:2-3     Snake: Lair:2-3    Spider: Lair:2-3
    Orc: D:9-12

Altars:
Fedhas
Hepliaklqana
Kikubaaqudgha
Makhleb
Nemelex Xobeh
Okawaru
Qazlal
Ru
Sif Muna
Vehumet
Wu Jian
Xom
Yredelemnul
Zin
The Shining One

Shops:
D:1 :   D:3 !   D:5 !*[(   D:6 [   D:7 (

Annotations:
D:9 2 transporters, Ape3scape's ghost, novice DrCj


Innate Abilities, Weirdness & Mutations

You have a pair of horns on your head.
You reflexively headbutt those who attack you in melee.


Message History

The wolf bites you but does no damage.
The will-o-the-wisp gestures.
The will-o-the-wisp conjures some foxfire!
The wolf bites you! 2 foxfires come into view.
You gain the combat prowess of a mighty hero.
The wolf closely misses you. The wolf bites you but does no damage.
The wolf misses you. The wolf bites you but does no damage.
You block the wolf's attack.
You slash the wolf! Lightning courses through the wolf!
You kill the wolf!
Okawaru accepts your kill.
You miss the wolf. You slash the wolf! The foxfire hits you!
You block the wolf's attack. The foxfire hits you!!
The wolf bites you but does no damage.
The will-o-the-wisp gestures.
The will-o-the-wisp conjures some foxfire! 2 foxfires come into view.
You slice the wolf!!
You kill the wolf!
Okawaru accepts your kill.
You slash the wolf!
You kill the wolf!
Okawaru accepts your kill. The foxfire hits you!!
* * * LOW HITPOINT WARNING * * *
Your Invocations skill increases to level 6!
Press: ? - help, v - describe, . - travel, g - get item
Here: a foxfire (wisps of flame) Item here: 22 gold pieces.
The floor.
As you read the scroll of teleportation, it crumbles to dust.
You feel strangely unstable. The foxfire hits you!!
* * * LOW HITPOINT WARNING * * *
The will-o-the-wisp gestures.
The will-o-the-wisp conjures some foxfire! 2 foxfires come into view.
The foxfire hits you but does no damage.
The foxfire hits you!!
You die...

.............#
...§........#
...§v.......#
....§§.$....#
.....§§†...#
......§§..#
.......§§.##
.#.∩.....vP#
##.......@.#
######
#..........##
#####.P... .
#...###.....#
#P........ .
#... ##P...#
##........ . ...
####.##
##........ . ..
##.####.#.......
#.#.####.......
#..### ##......
##..P# #......


You could see a will-o-the-wisp.

Vanquished Creatures
  A centaur warrior (D:9)
  3 two-headed ogres (D:8)
  Joseph (D:9)
  4 elephants (Lair:1)
  2 black mambas
  Maggie (Lair:1)
  2 rime drakes (Lair:2)
  A cane toad (Lair:1)
  4 komodo dragons
  A freezing wraith (D:8)
  A hornet (D:9)
  2 trolls (D:9)
  3 wyverns
  12 yaks
  A basilisk (Lair:1)
  A vampire mosquito (D:8)
  3 steam dragons
  An acid dragon (D:8)
  8 water moccasins
  7 orc warriors
  4 ice beasts (D:6)
  A black bear (D:5)
  3 ogres
  10 wolves
  3 centaurs
  A phantom (D:5)
  3 kobold brigands
  11 bullfrogs
  2 gnoll sergeants
  2 necrophages
  3 scorpions
  7 wights
  4 killer bees
  5 orc priests
  Crazy Yiuf (D:2)
  3 jellies
  4 hounds
  5 iguanas
  13 orc wizards
  16 gnolls
  13 adders
  2 white imps (D:8)
  3 worms
  A dart slug (D:1)
  43 orcs
  7 endoplasms
  2 giant cockroaches
  9 goblins
  5 hobgoblins
  6 jackals (D:1)
  17 kobolds
  3 quokkas
  6 ball pythons
  4 bats
  6 frilled lizards
  6 rats
  A spectral kobold (D:5)
294 creatures vanquished.

Vanquished Creatures (others)
  5 foxfires (Lair:2)
  23 fungi
  24 plants
52 creatures vanquished.

Grand Total: 346 creatures vanquished

Notes
Turn   | Place    | Note
-------+----------+-------------------------------------------
     0 | D:1      | leetdood the Minotaur Fighter began the quest for the Orb.
     0 | D:1      | Reached XP level 1. HP: 19/19 MP: 0/0
   173 | D:1      | Reached XP level 2. HP: 27/27 MP: 1/1
   469 | D:1      | Found Mongy's Book Boutique.
   901 | D:1      | Reached skill level 3 in Axes
  1062 | D:2      | Reached XP level 3. HP: 21/33 MP: 2/2
  1372 | D:2      | Reached XP level 4. HP: 30/40 MP: 3/3
  1829 | D:2      | Found a runed translucent door.
  1830 | D:2      | Noticed Crazy Yiuf
  1836 | D:2      | Killed Crazy Yiuf
  2278 | D:3      | Reached skill level 4 in Axes
  2467 | D:3      | Reached XP level 5. HP: 43/47 MP: 4/4
  2562 | D:3      | Found Uniosi's Distillery.
  2570 | D:3      | Bought a potion of lignification for 33 gold pieces
  2678 | D:3      | Found a faded altar of an unknown god.
  2971 | D:4      | Found a staircase to the Ecumenical Temple.
  2979 | D:4      | Identified the +10 dagger of Xom's Respect {distort, rElec
                  | rPois rF+ Int+4}
  3060 | D:4      | Noticed an ogre
  3068 | D:4      | Killed an ogre
  3355 | D:4      | Reached skill level 5 in Axes
  3355 | D:4      | Reached skill level 5 in Armour
  3355 | D:4      | Reached skill level 5 in Shields
  3355 | D:4      | Reached XP level 6. HP: 42/55 MP: 5/5
  3449 | D:4      | Reached skill level 5 in Fighting
  4022 | D:4      | Reached XP level 7. HP: 26/61 MP: 6/6
  4433 | D:5      | Entered Level 5 of the Dungeon
  4560 | Temple   | Entered the Ecumenical Temple
  4572 | Temple   | Became a worshipper of Warmaster Okawaru
  4673 | D:5      | Reached skill level 6 in Axes
  4968 | D:5      | Found a large runed translucent door.
  4969 | D:5      | Found a large runed translucent door.
  4980 | D:5      | Found a stormy altar of Qazlal.
  4988 | D:5      | Found a sparkling altar of Nemelex Xobeh.
  5439 | D:4      | HP: 2/62 [gnoll sergeant/+5 spear of venom (9)]
  5442 | D:4      | Reached skill level 7 in Axes
  5953 | D:5      | Reached * piety under Okawaru
  5954 | D:5      | Reached XP level 8. HP: 65/70 MP: 7/7
  5976 | D:5      | Found Xaamael's General Store.
  5978 | D:5      | Found Meakass's Distillery.
  5980 | D:5      | Found Pupreamife's Antique Armour Shoppe.
  5991 | D:5      | Found Zuunuu's Antique Weapon Shoppe.
  6005 | D:5      | Bought a scroll of teleportation for 39 gold pieces
  6016 | D:5      | Bought a pair of gloves for 130 gold pieces
  6361 | D:5      | Found a hazy altar of Hepliaklqana.
  6964 | D:6      | Reached skill level 8 in Axes
  7820 | D:6      | Found Cybb's Antique Armour Emporium.
  7930 | D:6      | Reached ** piety under Okawaru
  7968 | D:6      | Reached skill level 9 in Axes
  7977 | D:6      | Reached XP level 9. HP: 79/79 MP: 8/8
  8299 | D:6      | Bought a pair of fine gloves for 285 gold pieces
  8299 | D:6      | Identified the +2 pair of gloves of the Hidden Vale {Harm}
                  | (You bought it in a shop on level 6 of the Dungeon)
  8946 | D:7      | Found Zoorow's Antique Weapon Emporium.
  9084 | D:7      | Reached skill level 10 in Axes
  9293 | D:7      | Found a sacrificial altar of Ru.
  9299 | D:7      | Found a burning altar of Makhleb.
  9302 | D:7      | Found a glowing golden altar of the Shining One.
  9501 | D:8      | Found a radiant altar of Vehumet.
  9601 | D:6      | Bought a pair of embroidered gloves for 225 gold pieces
  9709 | D:8      | Reached skill level 1 in Invocations
  9748 | D:8      | Noticed an angel
  9749 | D:8      | Found a glowing silver altar of Zin.
  9781 | D:8      | Reached *** piety under Okawaru
  9935 | D:9      | Noticed a troll
  9938 | D:9      | Killed a troll
  9969 | D:9      | Noticed a centaur warrior
  9979 | D:8      | Noticed a two-headed ogre
  9988 | D:8      | Reached XP level 10. HP: 25/90 MP: 7/10
  9991 | D:8      | Reached skill level 11 in Axes
  9991 | D:8      | Killed a two-headed ogre
  9991 | D:8      | Received a gift from Okawaru
 10570 | D:8      | Noticed a two-headed ogre
 10594 | D:8      | Killed a two-headed ogre
 10594 | D:8      | Reached **** piety under Okawaru
 10839 | D:8      | Reached skill level 12 in Axes
 10946 | D:8      | Noticed a two-headed ogre
 10956 | D:8      | Killed a two-headed ogre
 10956 | D:8      | Reached ***** piety under Okawaru
 11761 | D:9      | Reached XP level 11. HP: 86/97 MP: 13/13
 11804 | D:9      | Noticed Joseph
 11880 | D:9      | Noticed Ape3scape's ghost (novice DrCj)
 11881 | D:9      | Found a transporter.
 12141 | D:9      | Found a transporter.
 12608 | D:9      | Killed Joseph
 12890 | D:9      | Killed a centaur warrior
 12988 | D:9      | Reached skill level 10 in Shields
 13090 | D:9      | Received a gift from Okawaru
 13095 | D:9      | Reached skill level 13 in Axes
 13095 | D:9      | Reached skill level 10 in Armour
 13175 | D:9      | Found a staircase to the Lair.
 13501 | Lair:1   | Entered Level 1 of the Lair of Beasts
 13627 | Lair:1   | Reached skill level 10 in Fighting
 14157 | Lair:1   | Reached skill level 5 in Invocations
 14345 | Lair:1   | Received a gift from Okawaru
 14642 | Lair:1   | Noticed Maggie
 14654 | Lair:1   | Killed Maggie
 14655 | Lair:1   | Reached skill level 14 in Axes
 15128 | Lair:2   | Received a gift from Okawaru
 15129 | Lair:2   | Reached XP level 12. HP: 97/108 MP: 7/15
 15638 | Lair:2   | Killed from afar by a will-o-the-wisp

Illustrated notes

Levels and vault maps discovered:
D:1:      amcnicky_arrival_wind_blow, layout_loops_cross, serial_shops, shop
D:2:      layout_loops_ring, uniq_crazy_yiuf_cottage
D:3:      layout_basic, serial_shops, shop, shapermc_ecumenical_altar_pompeii
D:4:      layout_loops_corners, minmay_temple_entry_nine_rooms, serial_forest,
          infiniplex_forest_clump_double, infiniplex_forest_straight_1,
          infiniplex_forest_lined_ring, infiniplex_forest_lined_corner,
          infiniplex_forest_clump_curved, infiniplex_forest_clump_diagonal
D:5:      layout_basic, nicolae_hepliaklqana_monster_ancestors,
          jmf_multi_god_temple2, minmay_shop_grid_forest
D:6:      minmay_polygon_palace, layout_basic, serial_shops, kennysheep_mini,
          minmay_misc_feat_rows
D:7:      layout_rooms, minmay_overflow_temple_star_quad, serial_shops, shop,
          hex_tiny
D:8:      minmay_four_partial_circles, layout_cave_pools, zin_angel,
          vehumet_altar_wand_db, minmay_alternating_orb
D:9:      layout_small_grid, grunt_lair_entry_orc_guard_hut,
          gammafunk_ghost_arena, minmay_misc_feat_plants, minmay_crystal_room,
          roderic_st_hans_cross, hangedman_corner_corridor, uniq_joseph
Temple:   nicolae_temple_bog_church
Lair:1:   layout_concentric_octagons, uniq_maggie
Lair:2:   layout_cave_pods, minmay_swamp_entry_wisps, dummy_snake_entry,
          gauntlet_entry_generic

Skill      XL: |  1  2  3  4  5  6  7  8  9 10 11 12 |
---------------+-------------------------------------+-----
Armour         | 4 5 6 7 8 9 10 | 10.9
Fighting       | 4 5 6 7 8 9 10 | 10.9
Shields        | 4 5 6 7 8 9 10 | 10.9
Axes           | 3 4 5 7 9 10 12 14 | 14.4
Invocations    | 1 4 5 6 |  6.0

Action                   |  1- 3 |  4- 6 |  7- 9 | 10-12 || total
-------------------------+-------+-------+-------+-------++-------
Melee: War axe           |    72 |   106 |   308 |   302 ||   788
       Headbutt          |     8 |    16 |    56 |    66 ||   146
Invok: Heroism           |       |       |     2 |    18 ||    20
       Finesse           |       |       |       |     7 ||     7
  Use: Scroll            |       |     5 |     7 |    11 ||    23
       Potion            |       |     1 |     3 |     1 ||     5
Armor: Scale mail        |    35 |    33 |    48 |       ||   116
       Chain mail        |       |       |   115 |    35 ||   150
       Plate armour      |       |       |       |   116 ||   116
Dodge: Dodged            |    35 |    32 |   117 |   103 ||   287
Block: Buckler           |    12 |    25 |    92 |    93 ||   222
